 Dungeon Crawl Stone Soup version 0.32-a0-433-g08bcfe7efd (webtiles) character file.

Game seed: 3759842714086607076

100 jasper the Shooter (level 4, -1/35 HPs)
             Began as a Coglin Chaos Knight on Feb 23, 2024.
             Was a Plaything of Xom.
             Slain by a river rat (4 damage)
             ... in a sewer.
             The game lasted 00:02:30 (1258 turns).

jasper the Shooter (Coglin Chaos Knight)            Turns: 1258, Time: 00:02:30

Health: -1/35      AC:  5    Str: 13    XL:     4   Next: 73%
Magic:  4/4        EV: 12    Int:  6    God:    Xom [.*....]
Gold:   80         SH:  0    Dex: 26    Spells: 3/3 levels left

rFire   + + +        e - +0 sling {Clarinda}
rCold   . . .        c - +0 sling {Tepiltzin}
rNeg    . . .        b - +2 leather armour
rPois   .            (no helmet)
rElec   .            n - scarf {repulsion}
rCorr   .            (no gloves)
SInv    .            (no boots)
Will    .....        (no amulet)
Stlth   ++           g - ring of protection from fire
HPRegen 0.25/turn    h - ring "Cypsuug" {^Contam rF+++ Str+2 Int-4 Dex+6}
MPRegen 0.09/turn

%: repel missiles, clarity
@: immotile, invisible, revved
A: off-hand wielding, slow wielding, warmup strikes, legs shutdown, agile 1,
clarity
a: Renounce Religion


You were in a sewer.
You worshipped Xom.
You were a plaything of Xom.
You visited 1 branch of the dungeon, and saw 3 of its levels.
You also visited: Sewer.

You collected 80 gold pieces.

Inventory:

Hand Weapons
 a - a +0 hand axe of chaos {Urai}
 c - a +0 sling (offhand) {Tepiltzin}
 e - a +0 sling (weapon) {Clarinda}
Armour
 b - a +2 leather armour (worn)
 n - a scarf of repulsion (worn)
Jewellery
 g - a ring of protection from fire (left grasper)
 h - the ring "Cypsuug" (right grasper) {^Contam rF+++ Str+2 Int-4 Dex+6}
   (You took it off a hobgoblin on level 2 of the Dungeon)

   [ring of dexterity]

   Str+2:     It affects your strength (+2).
   Int-4:     It affects your intelligence (-4).
   Dex+6:     It affects your dexterity (+6).
   rF+++:     It renders you almost immune to fire.
   ^Contam:   It causes magical contamination when unequipped.
 i - an amulet of reflection
Scrolls
 d - 2 scrolls of identify {unknown}
 f - a scroll of revelation {unknown}
 k - a scroll of fog {unknown}
 m - a scroll of enchant weapon {unknown}
 o - a scroll of teleportation {unknown}
Potions
 j - a potion of mutation


   Skills:
 - Level 3.0 Fighting
 - Level 3.0 Axes
 + Level 3.6 Ranged Weapons
 - Level 1.9 Armour
 - Level 1.0 Dodging


You had 3 spell levels left.
You didn't know any spells.
Your spell library was empty.

Dungeon Overview and Level Annotations

Branches:
Dungeon (3/15)              Sewer (1/1)

Altars:


Innate Abilities, Weirdness & Mutations

You can wield a second weapon in your off-hand.
It takes a long time for you to wield or remove held weapons.
Your first few attacks do less damage.
Attacking and casting redirects power from your legs.
You are agile. (Dex +4, Str/Int -1)
You possess an exceptional clarity of mind.


Message History

Aim: a river rat (heavily wounded, unable to see you, 62% to hit)
You shoot a sling bullet.
The sling bullet hits the river rat but does no damage.
The river rat is heavily wounded.
You shoot a sling bullet.
The sling bullet barely misses the river rat.
The river rat barely misses you. The river rat bites you.
* * * LOW HITPOINT WARNING * * *
You take 1 damage, and have 1/35 hp.
Fire: e) +0 sling {Clarinda}
Press: ? - help, Q - select action Shift-Dir - straight line, f/p - river rat
Aim: a river rat (heavily wounded, unable to see you, 62% to hit)
You shoot a sling bullet. The sling bullet hits the river rat.
The river rat is severely wounded.
You shoot a sling bullet.
The sling bullet completely misses the river rat.
The river rat closely misses you.
Fire: e) +0 sling {Clarinda}
Press: ? - help, Q - select action Shift-Dir - straight line, f/p - river rat
Aim: a river rat (severely wounded, unable to see you, 62% to hit)
You shoot a sling bullet. The sling bullet hits the river rat.
The river rat is almost dead.
You shoot a sling bullet.
The sling bullet closely misses the river rat.
The river rat closely misses you.
Fire: e) +0 sling {Clarinda}
Press: ? - help, Q - select action Shift-Dir - straight line, f/p - river rat
Aim: a river rat (almost dead, wandering, unable to see you, hasn't noticed you, 62% to hit)
You shoot a sling bullet. The sling bullet hits the river rat.
You kill the river rat!
You shoot a sling bullet.
Fire: e) +0 sling {Clarinda}
Press: ? - help, Q - select action Shift-Dir - straight line, f - river rat
Aim: a river rat (wandering, unable to see you, hasn't noticed you, 62% to hit)
You shoot a sling bullet.
The sling bullet closely misses the river rat.
You shoot a sling bullet. The sling bullet hits the river rat.
The river rat is lightly wounded.
The river rat misses you. The river rat bites you.
You die...

##### rr #@#.##r ##r##.
#r#~ ##. .#.
#################r######
...~.~~.~~~~..~..~.~....
...~.~~.~.†~....~..~.~~.
########################


You could see a river rat (unable to see you) and a rat (unable to see you).

Vanquished Creatures
  2 adders
  5 river rats
  A ribbon worm (D:2)
  2 dart slugs
  3 ball pythons
  2 endoplasms
  3 giant cockroaches
  3 goblins (D:2)
  2 hobgoblins (D:2)
  3 quokkas (D:2)
  3 bats
  2 frilled lizards (Sewer)
  2 kobolds (D:3)
  2 rats (D:3)
35 creatures vanquished.

Notes
Turn   | Place    | Note
-------+----------+-------------------------------------------
     0 | D:1      | jasper the Coglin Chaos Knight began the quest for the Orb.
     0 | D:1      | Reached XP level 1. HP: 18/18 MP: 1/1
    30 | D:1      | Reached skill level 1 in Dodging
    66 | D:1      | XOM: potion effect (might)
   109 | D:2      | XOM: butterfly on damage
   175 | D:2      | XOM: silly message
   193 | D:2      | Reached skill level 1 in Ranged Weapons
   193 | D:2      | Reached XP level 2. HP: 24/24 MP: 2/2
   257 | D:2      | Found a faded altar of an unknown god.
   269 | D:2      | Identified the ring "Cypsuug" {^Contam rF+++ Str+2 Int-4
                  | Dex+6}
   558 | D:2      | XOM: potion effect (invisibility)
   562 | D:2      | Reached XP level 3. HP: 17/29 MP: 3/3
   825 | D:2      | XOM: give mutations
   825 | D:2      | Gained mutation: Your magical capacity is low. (-10% MP)
                  | [Xom's mischief]
   825 | D:2      | Lost mutation: Your magical capacity is low. (-10% MP)
                  | [Xom's mischief]
   825 | D:2      | Gained mutation: You have a beak for a mouth. [Xom's
                  | mischief]
   825 | D:2      | Lost mutation: You have a beak for a mouth. [Xom's
                  | mischief]
  1176 | D:3      | Reached XP level 4. HP: 35/35 MP: 4/4
  1190 | D:3      | Found a glowing drain.
  1199 | Sewer    | Entered a sewer
  1199 | Sewer    | XOM: give mutations
  1199 | Sewer    | Gained mutation: You are vulnerable to cold. (rC-) [Xom's
                  | mischief]
  1199 | Sewer    | Gained mutation: You are dopey. (Int -2) [Xom's mischief]
  1233 | Sewer    | XOM: 1-stop teleportation journey
  1242 | Sewer    | XOM: blink monster(s)
  1250 | Sewer    | HP: 1/35 [river rat (5)]
  1251 | Sewer    | Lost mutation: You are vulnerable to cold. (rC-) [potion of
                  | mutation]
  1251 | Sewer    | Lost mutation: You are dopey. (Int -2) [potion of mutation]
  1251 | Sewer    | Gained mutation: You possess an exceptional clarity of
                  | mind. [potion of mutation]
  1251 | Sewer    | Gained mutation: You are agile. (Dex +4, Str/Int -1)
                  | [potion of mutation]
  1258 | Sewer    | Slain by a river rat

Illustrated notes

Levels and vault maps discovered:
D:1:      ncdulo_smallfort, layout_basic, serial_rivers,
          chequers_serial_rivers_micro_a, chequers_serial_rivers_small_3,
          chequers_serial_rivers_small_a, chequers_serial_rivers_room_b
D:2:      layout_loops_corners, hellmonk_ecumenical_altar_leap_of_faith
D:3:      layout_basic, vehumet_crystals, portal_sewer_entry_b,
          uniq_crazy_yiuf_cottage, uniq_robin
Sewer:    sewer_co_cracked_pipes

Skill      XL: |  1  2  3  4 |
---------------+-------------+-----
Dodging        | 1 |  1.0
Ranged Weapons | 1 2 3 |  3.6
Fighting       | |  3.0
Axes           | |  3.0
Armour         | |  1.9

Action                     |  1- 3 |  4- 6 || total
---------------------------+-------+-------++-------
  Melee: Hand axe          |     6 |       ||     6
   Fire: Sling             |   120 |    70 ||   190
    Use: Scroll            |     1 |       ||     1
         Potion            |       |     2 ||     2
 Armour: Leather armour    |    24 |    13 ||    37
  Dodge: Dodged            |    20 |    17 ||    37

Table legend: (Time is in decaauts)
 A = Elapsed time spent in this place.
 B = Non-inter-level travel time spent in this place.
 C = Inter-level travel time spent in this place.
 D = Time resting spent in this place.
 E = Time spent auto-exploring this place.
 F = Levels seen in this place.
 G = Mean time per level.
                   A        B        C        D        E       F      G
               +--------+--------+--------+--------+--------+-----+--------+
         Total |   1293 |   1251 |     42 |      3 |    975 |   4 |  323.2 |
       Dungeon |   1223 |   1181 |     42 |      3 |    949 |   3 |  407.7 |
         Sewer |     70 |     70 |      0 |      0 |     26 |   1 |   70.0 |
               +--------+--------+--------+--------+--------+-----+--------+

Top non-repeatable levels by time:
     D:2: 1038 daAuts
     D:3: 101 daAuts
     D:1: 83 daAuts
   Sewer: 70 daAuts
